 Dungeon Crawl Stone Soup version 0.19.0 (webtiles) character file.

37725 edsrzf the Thaumaturge (level 13, -4/66 HPs)
             Began as a Spriggan Air Elementalist on Nov 16, 2016.
             Was an Initiate of Gozag.
             Slain by a very large slime creature (35 damage)
             ... on level 12 of the Dungeon.
             The game lasted 01:15:31 (19339 turns).

edsrzf the Thaumaturge (Spriggan Air Elementalist) Turns: 19339, Time: 01:15:35

Health: -4/66      AC:  9    Str:  4    XL:     13   Next: 60%
Magic:  0/41       EV: 18    Int: 21    God:    Gozag
Gold:   2361       SH:  0    Dex: 17    Spells: 10 memorised, 16 levels left

rFire  . . .     SeeInvis +     a - +3 dagger (venom)
rCold  . . .     Gourm    .     D - +1 robe
rNeg   . . .     Faith    .     (shield restricted)
rPois  +         Spirit   +     (helmet restricted)
rElec  .         Reflect  .     Y - +2 cloak {rPois}
rCorr  .         Harm     .     (gloves unavailable)
MR     ++...                    (boots unavailable)
Stlth  +++++.....               N - amulet of guardian spirit
                                l - ring of magical power
                                C - +3 ring of protection

@: gold aura, very quick
A: unfitting armour, see invisible, herbivore 3, speed 3, slow metabolism 2
a: Potion Petition, Call Merchant, Bribe Branch, Renounce Religion


You were on level 12 of the Dungeon.
You worshipped Gozag.
Gozag was most pleased with you.
You were not hungry.

You visited 3 branches of the dungeon, and saw 19 of its levels.
You also visited: Labyrinth.

You collected 3536 gold pieces.
You spent 554 gold pieces at shops.
You paid 621 gold pieces to Gozag.

Inventory:

Hand Weapons
 a - a +3 dagger of venom (weapon)
 b - a +1 dagger of speed
 w - a +0 lajatang
Missiles
 B - 7 throwing nets {=f}
Armour
 D - a +1 robe (worn)
 Y - a +2 cloak of poison resistance (worn)
Rods
 o - a +3 rod of shadows (10/10)
   (You found it in a labyrinth)
 I - a +9 rod of shadows (11/11)
   (You found it in a labyrinth)
 T - a +0 lightning rod (13/13)
   (You found it on level 10 of the Dungeon)
Jewellery
 f - an uncursed ring of positive energy
 l - a ring of magical power (right hand)
 m - an uncursed ring of protection from magic
 t - the ring of Leroer {Fire +Inv rN+ Dex+4}
   (You found it in a labyrinth)

   [ring of fire]

   It enhances your fire magic.
   It affects your dexterity (+4).
   It protects you from fire.
   It makes you vulnerable to cold.
   It protects you from negative energy.
   It lets you turn invisible.
 C - a +3 ring of protection (left hand)
 N - an amulet of guardian spirit (around neck)
 S - an uncursed ring of resist corrosion
Wands
 v - a wand of lightning (8/15)
 A - a wand of acid (5/15)
 P - a wand of paralysis (8/24)
 U - a wand of acid (4/15)
 V - a wand of heal wounds (9/9)
Scrolls
 d - 2 scrolls of summoning
 e - 3 scrolls of identify {@r1}
 g - 2 scrolls of recharging {@r4}
 h - 10 scrolls of teleportation {@r3}
 n - 2 scrolls of blinking
 q - 3 scrolls of fear
 x - a scroll of enchant weapon
 F - 3 scrolls of magic mapping
 M - 8 scrolls of remove curse {@r2}
Potions
 i - a potion of agility
 j - 2 potions of invisibility
 k - a potion of magic
 p - 2 potions of berserk rage {!q}
 s - 4 potions of might
 u - 5 potions of heal wounds
 z - a potion of brilliance
 G - a potion of resistance
 H - 6 potions of curing
 K - 4 potions of haste
 X - a potion of ambrosia
Comestibles
 c - 13 bread rations
 r - 13 fruits
 L - 7 slices of pizza


   Skills:
 + Level 6.6 Fighting
 - Level 5.0 Short Blades
 * Level 6.0 Staves
 - Level 3.0 Dodging
 - Level 12.0 Stealth
 + Level 14.0 Spellcasting
 - Level 3.0 Conjurations
 - Level 11.0 Hexes
 - Level 3.4 Translocations
 - Level 10.1 Air Magic


You had 16 spell levels left.
You knew the following spells:

 Your Spells              Type           Power        Failure   Level  Hunger
a - Tukima's Dance        Hex            ######..     1%          3    None
b - Blink                 Tloc           N/A          1%          2    None
c - Confuse               Hex            ######..     1%          3    None
d - Static Discharge      Conj/Air       #####...     1%          3    None
h - Ensorcelled Hibernat  Hex/Ice        #####.       1%          2    None
m - Repel Missiles        Chrm/Air       #####.       1%          2    None
w - Swiftness             Chrm/Air       #####...     1%          2    None
x - Shock                 Conj/Air       ####         1%          1    None
z - Dazzling Spray        Conj/Hex       #####.       1%          3    None
C - Mephitic Cloud        Conj/Pois/Air  ####....     2%          3    None


Dungeon Overview and Level Annotations

Branches:
Dungeon (12/15)            Temple (1/1) D:5            Lair (6/6) D:9
 Shoals (0/4) Lair:4        Snake (0/4) Lair:3        Slime (0/5) Lair:6
    Orc: D:9-12

Altars:
Ashenzari
Cheibriados
Dithmenos
Elyvilon
Fedhas
Gozag
Hepliaklqana
Kikubaaqudgha
Makhleb
Nemelex Xobeh
Okawaru
Qazlal
Ru
Sif Muna
Trog
Uskayaw
Vehumet
Xom
Yredelemnul
Zin
The Shining One
Jiyva

Shops:
D:4 ?   D:5 (   D:8 (*   D:10 %   D:11 =

Annotations:
D:1 1 exclusion
D:7 PurpleRed's ghost, adept MiFi
D:11 exclusion: door
Lair:2 1 exclusion
Lair:3 exclusion: 2 nagas
Lair:5 Rupert


Innate Abilities, Weirdness & Mutations

You are very small and have problems with some larger weapons.
You are too small for most types of armour.
You have supernaturally acute eyesight. (SInv)
You are a herbivore.
You cover ground extremely quickly.
You need consume almost no food.


Message History

Aim: a slime creature (chance to defeat MR: 48%)
The slime creature looks drowsy...
The slime creature quivers. x2
The helpless slime creature fails to defend itself.
You skewer the slime creature like a kebab!!!
You kill the slime creature!
Casting: Ensorcelled Hibernation
Confirm with . or Enter, or press ? or * to list all spells.
Aiming: Ensorcelled Hibernation
Press: ? - help, Shift-Dir - straight line, f - large slime creature
Aim: a large slime creature (chance to defeat MR: 48%)
The large slime creature looks drowsy...
The slime creature quivers. x2
Two slime creatures merge to form a large slime creature.
A large slime creature splits.
Two slime creatures merge to form a large slime creature.
The helpless slime creature fails to defend itself.
You stick the slime creature like a pincushion!!!
You kill the slime creature!
Your Staves skill increases to level 6!
Casting: Ensorcelled Hibernation
Confirm with . or Enter, or press ? or * to list all spells.
Aiming: Ensorcelled Hibernation
Press: ? - help, Shift-Dir - straight line, f - large slime creature
Aim: a large slime creature (chance to defeat MR: 48%)
The large slime creature is unaffected.
Casting: Ensorcelled Hibernation
Confirm with . or Enter, or press ? or * to list all spells.
Aiming: Ensorcelled Hibernation
Press: ? - help, Shift-Dir - straight line, f - large slime creature, p - large slime creature
Aim: a large slime creature (not susceptible)
Okay, then.
Unknown command.
Casting: Ensorcelled Hibernation
Confirm with . or Enter, or press ? or * to list all spells.
Aiming: Confuse
Press: ? - help, Shift-Dir - straight line, f/p - large slime creature
Aim: a large slime creature (chance to defeat MR: 59%)
The large slime creature resists with significant effort.
The large slime creature completely misses you.
Two slime creatures merge to form a very large slime creature.
Casting: Confuse
Confirm with . or Enter, or press ? or * to list all spells.
Aiming: Confuse
Press: ? - help, Shift-Dir - straight line, f/p - very large slime creature
Aim: a very large slime creature (chance to defeat MR: 59%)
The large slime creature resists with significant effort.
Casting: Confuse
Confirm with . or Enter, or press ? or * to list all spells.
Aiming: Confuse
Press: ? - help, Shift-Dir - straight line, f/p - very large slime creature
Aim: a very large slime creature (chance to defeat MR: 59%)
The large slime creature appears confused.
The large slime creature hits you!!
You strike the helpless large slime creature from behind!
You impale the large slime creature!!
The large slime creature is moderately wounded.
The large slime creature closely misses you.
You strike the helpless large slime creature from behind!
You impale the large slime creature!!
The large slime creature is heavily wounded.
You catch the helpless large slime creature completely off-guard!
You impale the large slime creature!!
The large slime creature is severely wounded.
The large slime creature hits the very large slime creature!!
You barely miss the large slime creature.
The large slime creature is severely wounded.
The large slime creature hits the very large slime creature!!
You hit the large slime creature.
The large slime creature is severely wounded.
You hit the large slime creature but do no damage.
The large slime creature is severely wounded.
The large slime creature hits you!
You catch the helpless large slime creature completely off-guard!
You impale the large slime creature!!
The large slime creature is almost dead.
You hit the large slime creature.
The large slime creature is almost dead.
The large slime creature hits you!!
You hit the large slime creature but do no damage.
The large slime creature is poisoned.
The large slime creature is almost dead.
The large slime creature barely misses the very large slime creature.
You strike the helpless large slime creature from behind!
You impale the large slime creature!!
You kill the large slime creature!
Your Spellcasting skill increases to level 14!
Casting: Confuse
Confirm with . or Enter, or press ? or * to list all spells.
Aiming: Ensorcelled Hibernation
Press: ? - help, Shift-Dir - straight line, f/p - very large slime creature
Aim: a very large slime creature (moderately wounded, chance to defeat MR: 48%)
The very large slime creature looks drowsy...
The helpless very large slime creature fails to defend itself.
You skewer the very large slime creature like a kebab!!!
The very large slime creature is heavily wounded.
The very large slime creature hits you!!!
Ouch! That really hurt!
You die...
Your body crumbles into a pile of gold.

##.......................########
...#######.########.....## #.
#### #.# #.##.## #. ...## #.#
##.##.# #. ##..# #.##
#..##.#########. ##.# #..#
#####..#.<...... ###.#######.#
######...######.
........###.######........# #.
###..##.##...$.J@..#####..## #.
...#........######## ##..######
##.......##.# ##.......
#y..##J....# ########
..#....J.... # ..##### ##... .%
... y ... #####


You could see a very large slime creature.

Vanquished Creatures
  Snorg (Lair:3)
  A fire dragon (Lair:6)
  A minotaur (Lab)
  Harold (Lair:3)
  Erolcha (D:9)
  5 hydras
  A catoblepas (Lair:3)
  An unseen horror (D:12)
  A hill giant (D:11)
  A wolf spider zombie (D:12)
  A lindwurm (Lair:6)
  2 manticores
  3 ugly things
  5 elephants (Lair:4)
  4 black mambas
  3 molten gargoyles (Lair:6)
  4 spiny frogs
  13 komodo dragons
  A rime drake (Lair:6)
  3 trolls
  3 polar bears
  A queen bee (Lair:2)
  2 hornets (D:9)
  The ghost of moogleknight the Chopper, an amateur DsGl (D:4)
  12 hippogriffs
  3 slime creatures (D:12)
  A wyvern (Lair:6)
  A shadow (D:11)
  4 basilisks
  15 yaks (Lair:6)
  A human (D:7)
  6 hungry ghosts
  4 hogs (D:7)
  Menkaure (D:5)
  Edmund (D:4)
  A mottled dragon (D:11)
  7 porcupines
  5 water moccasins
  4 hell hounds (Lair:6)
  5 orc warriors
  An ice beast (D:5)
  3 phantoms
  2 sky beasts
  2 necrophages
  3 ogres
  8 wolves
  A centaur (D:11)
  10 crocodiles
  3 big kobolds
  7 bullfrogs
  4 scorpions
  5 wights (D:6)
  12 killer bees (Lair:2)
  A howler monkey (D:8)
  An electric eel (Lair:3)
  3 crimson imps
  4 lava snakes (Lair:6)
  2 quasits
  A bullfrog zombie (D:5)
  5 jellies
  4 orc priests
  5 hounds
  2 iguanas
  12 orc wizards
  8 worker ants
  A hound zombie (D:6)
  2 hound skeletons
  4 gnolls (D:5)
  10 adders
  2 shadow imps
  An ooze (D:4)
  An adder skeleton (D:6)
  4 dart slugs
  5 leopard geckos
  47 orcs
  10 bats
  6 giant cockroaches
  8 goblins
  6 hobgoblins
  8 jackals
  4 quokkas
  2 ball pythons
  9 frilled lizards
  24 kobolds
  A leopard gecko zombie (D:6)
  A quokka zombie (D:7)
  7 rats
403 creatures vanquished.

Vanquished Creatures (collateral kills)
  A killer bee (Lair:2)
1 creature vanquished.

Vanquished Creatures (others)
  A killer bee (Lair:2)
  3 fungi
  3 plants
7 creatures vanquished.

Grand Total: 411 creatures vanquished

Notes
Turn   | Place    | Note
-------+----------+-------------------------------------------
     0 | D:1      | edsrzf the Spriggan Air Elementalist began the quest for the Orb.
     0 | D:1      | Reached XP level 1. HP: 9/9 MP: 5/5
   214 | D:1      | Reached XP level 2. HP: 13/13 MP: 3/6
   300 | D:1      | Reached skill level 1 in Conjurations
   356 | D:1      | Reached skill level 3 in Spellcasting
   512 | D:1      | Reached skill level 3 in Air Magic
   703 | D:1      | Reached XP level 3. HP: 16/16 MP: 6/8
  1029 | D:2      | Reached skill level 4 in Stealth
  1301 | D:2      | Reached XP level 4. HP: 20/21 MP: 1/10
  1585 | D:2      | Identified 4 scrolls of teleportation
  2030 | D:3      | Identified 5 scrolls of identify
  2030 | D:3      | Identified a potion of degeneration
  2032 | D:3      | Identified a potion of agility
  2033 | D:3      | Identified a potion of mutation
  2034 | D:3      | Identified a potion of berserk rage
  2035 | D:3      | Identified a potion of might
  2365 | D:3      | Learned a level 2 spell: Repel Missiles
  2368 | D:3      | Learned a level 2 spell: Swiftness
  2372 | D:3      | Learned a level 3 spell: Static Discharge
  2495 | D:4      | Found Alainer's Magic Scroll Shop.
  2498 | D:4      | Bought a scroll of identify for 22 gold pieces
  2498 | D:4      | Bought 3 scrolls of identify for 66 gold pieces
  2498 | D:4      | Bought a scroll of remove curse for 33 gold pieces
  2498 | D:4      | Bought a scroll of identify for 22 gold pieces
  2498 | D:4      | Bought a scroll of noise for 11 gold pieces
  2501 | D:4      | Identified a potion of heal wounds
  2529 | D:4      | Identified a potion of lignification
  2533 | D:4      | Learned a level 2 spell: Blink
  2613 | D:4      | Noticed moogleknight's ghost (amateur DsGl)
  3037 | D:4      | Noticed Edmund
  3253 | D:5      | Entered Level 5 of the Dungeon
  3385 | D:5      | Reached XP level 5. HP: 24/24 MP: 11/11
  3434 | D:5      | Noticed a necrophage
  3447 | D:5      | Killed a necrophage
  3447 | D:5      | Reached skill level 5 in Stealth
  3447 | D:5      | Reached skill level 4 in Spellcasting
  3447 | D:5      | Reached skill level 2 in Conjurations
  3780 | D:5      | Identified a potion of cure mutation
  3835 | D:5      | Reached XP level 6. HP: 28/28 MP: 13/13
  3846 | D:5      | Noticed a sky beast
  3875 | D:5      | Noticed an ice beast
  4045 | D:5      | Reached skill level 4 in Air Magic
  4078 | D:5      | Noticed Menkaure
  4149 | D:6      | Reached skill level 6 in Stealth
  4282 | D:6      | Reached skill level 5 in Spellcasting
  4397 | D:6      | Reached XP level 7. HP: 12/32 MP: 15/15
  4458 | D:6      | Reached skill level 3 in Conjurations
  4806 | D:6      | Identified a potion of resistance
  4917 | D:6      | Identified a potion of curing
  4921 | D:6      | Learned a level 2 spell: Ensorcelled Hibernation
  5286 | D:6      | Reached skill level 1 in Hexes
  5329 | D:6      | Reached skill level 7 in Stealth
  5726 | D:6      | Reached skill level 2 in Hexes
  6131 | D:6      | Learned a level 3 spell: Confuse
  6278 | D:6      | Reached skill level 5 in Air Magic
  6278 | D:6      | Reached XP level 8. HP: 36/36 MP: 17/17
  6371 | D:5      | Killed Menkaure
  6371 | D:5      | Reached skill level 8 in Stealth
  6371 | D:5      | Reached skill level 6 in Spellcasting
  6371 | D:5      | Reached skill level 3 in Hexes
  6397 | D:5      | Found Dotuseme's Weapon Shop.
  6403 | D:5      | Found a staircase to the Ecumenical Temple.
  6413 | Temple   | Entered the Ecumenical Temple
  6497 | Temple   | Became a worshipper of Gozag Ym Sagoz the Greedy
  7011 | D:5      | Reached skill level 4 in Hexes
  7101 | D:4      | Killed Edmund
  7101 | D:4      | Reached skill level 9 in Stealth
  7101 | D:4      | Reached skill level 7 in Spellcasting
  7194 | D:4      | Killed moogleknight's ghost
  7391 | D:7      | Noticed PurpleRed's ghost (adept MiFi)
  7394 | D:7      | Reached skill level 6 in Air Magic
  7394 | D:7      | Reached XP level 9. HP: 35/39 MP: 21/21
  7397 | D:7      | Reached skill level 5 in Hexes
  7404 | D:7      | Reached skill level 10 in Stealth
  7573 | D:7      | Reached skill level 8 in Spellcasting
  7845 | D:7      | Reached skill level 6 in Hexes
  8155 | D:8      | Learned a level 3 spell: Mephitic Cloud
  8408 | D:8      | Reached skill level 11 in Stealth
  8408 | D:8      | Reached skill level 7 in Air Magic
  8596 | D:8      | Reached skill level 9 in Spellcasting
  8901 | D:8      | Reached skill level 7 in Hexes
  8935 | D:8      | Found Ymafeuh's Weapon Shop.
  8973 | D:8      | Found Plog's Assorted Antiques.
  8982 | D:8      | Reached XP level 10. HP: 43/44 MP: 24/24
  9001 | D:8      | Bought a scroll labeled WEILOC HIASED for 25 gold pieces
  9001 | D:8      | Bought a paperback book for 375 gold pieces
  9002 | D:8      | Identified 5 scrolls of enchant armour
  9004 | D:8      | Identified a potion of magic
  9005 | D:8      | Identified a potion of haste
  9182 | D:9      | Found a staircase to the Lair.
  9656 | D:9      | Found a blossoming altar of Fedhas.
  9732 | D:9      | Reached skill level 12 in Stealth
  9817 | D:9      | Noticed Erolcha
  9836 | D:9      | Killed Erolcha
  9836 | D:9      | Reached skill level 2 in Short Blades
  9836 | D:9      | Reached skill level 8 in Hexes
 10097 | D:10     | Entered Level 10 of the Dungeon
 10226 | D:10     | Identified a +0 lightning rod (13/13) (You found it on level 10 of the Dungeon)
 10252 | D:10     | Found Tieni's Food Boutique.
 10391 | D:10     | Reached skill level 10 in Spellcasting
 10391 | D:10     | Reached skill level 8 in Air Magic
 10695 | D:10     | Reached skill level 3 in Short Blades
 10821 | D:11     | Noticed a green ugly thing
 10821 | D:11     | Noticed a four-headed hydra
 10891 | Lair:1   | Entered Level 1 of the Lair of Beasts
 11172 | Lair:1   | Noticed a spiny frog
 11212 | Lair:1   | Noticed a five-headed hydra
 11226 | Lair:1   | Killed a spiny frog
 11226 | Lair:1   | Reached XP level 11. HP: 47/47 MP: 26/26
 11234 | Lair:1   | Identified a potion of ambrosia
 11274 | Lair:1   | Reached skill level 4 in Short Blades
 11274 | Lair:1   | Reached skill level 9 in Hexes
 11692 | Lair:2   | Identified a scroll of fear
 11693 | Lair:2   | Identified a scroll of torment
 11694 | Lair:2   | Identified a scroll of amnesia
 11985 | Lair:2   | Reached skill level 5 in Short Blades
 12309 | Lair:2   | Identified a scroll of acquirement
 12359 | Lair:2   | Identified a scroll of summoning
 12535 | Lair:3   | Reached skill level 11 in Spellcasting
 12585 | Lair:3   | Noticed Snorg
 12729 | Lair:3   | Noticed Harold
 12763 | Lair:3   | Found a glowing silver altar of Zin.
 12763 | Lair:3   | Killed Harold
 12763 | Lair:3   | Reached skill level 1 in Fighting
 12763 | Lair:3   | Reached skill level 9 in Air Magic
 12766 | Lair:3   | Noticed a catoblepas
 12770 | Lair:3   | Killed a catoblepas
 12859 | Lair:3   | Reached skill level 2 in Fighting
 12873 | Lair:3   | Found a staircase to the Snake Pit.
 12918 | Lair:4   | Identified 2 scrolls of recharging
 12919 | Lair:4   | Identified 2 scrolls of blinking
 12921 | Lair:4   | Identified 2 scrolls of random uselessness
 12923 | Lair:4   | Identified 3 scrolls of magic mapping
 12934 | Lair:4   | Reached skill level 10 in Hexes
 12951 | Lair:4   | Found a labyrinth entrance.
 12965 | Lab      | Entered a labyrinth
 13279 | Lab      | Noticed a minotaur
 13284 | Lab      | Killed a minotaur
 13309 | Lab      | Got a crude silver ring
 13310 | Lab      | Identified the ring of Leroer {Fire +Inv rN+ Dex+4} (You found it in a labyrinth)
 13311 | Lab      | Identified a +9 rod of shadows (11/11) (You found it in a labyrinth)
 13312 | Lab      | Identified a +3 rod of shadows (10/10) (You found it in a labyrinth)
 13315 | Lab      | Identified the cursed -2 buckler of Royalty {rElec rPois rC++ Dex-4} (You found it in a labyrinth)
 13336 | Lab      | Identified a potion of invisibility
 13345 | Lair:4   | Identified 2 scrolls of enchant weapon
 13349 | Lair:4   | Got an encrusted buckler
 13355 | Lair:4   | Identified the -1 buckler of Distant Shores {Str+4} (You acquired it on level 4 of the Lair of Beasts)
 13397 | Lair:4   | Found a staircase to the Shoals.
 13497 | Lair:4   | Reached skill level 3 in Fighting
 13829 | Lair:3   | Reached XP level 12. HP: 56/56 MP: 28/28
 13967 | Lair:3   | Killed Snorg
 13967 | Lair:3   | Reached skill level 12 in Spellcasting
 14401 | Lair:4   | Reached skill level 11 in Hexes
 14726 | Lair:5   | Reached skill level 4 in Fighting
 14727 | Lair:5   | Noticed a death yak
 14729 | Lair:5   | Noticed a death yak
 14729 | Lair:5   | Noticed a death yak
 14753 | Lair:5   | Learned a level 3 spell: Dazzling Spray
 14761 | Lair:5   | Noticed a death yak
 14763 | Lair:5   | Noticed a death yak
 14920 | Lair:5   | Noticed a seven-headed hydra
 14921 | Lair:5   | Killed a seven-headed hydra
 14921 | Lair:5   | Reached skill level 1 in Translocations
 15121 | Lair:5   | Reached skill level 2 in Translocations
 15178 | Lair:5   | Reached skill level 10 in Air Magic
 15242 | Lair:5   | Noticed Rupert
 15278 | Lair:6   | Entered Level 6 of the Lair of Beasts
 15306 | Lair:6   | Noticed a six-headed hydra
 15345 | Lair:6   | Killed a six-headed hydra
 15345 | Lair:6   | Reached skill level 3 in Translocations
 15410 | Lair:6   | Reached skill level 1 in Staves
 15433 | Lair:6   | Identified a potion of brilliance
 15491 | Lair:6   | Learned a level 3 spell: Tukima's Dance
 15621 | Lair:6   | Reached skill level 2 in Staves
 15640 | Lair:6   | Found a viscous altar of Jiyva.
 15640 | Lair:6   | Found a staircase to the Slime Pits.
 15722 | Lair:6   | Reached skill level 5 in Fighting
 15770 | Lair:6   | Got an encrusted buckler
 15776 | Lair:6   | Identified the +1 buckler of the Lost Path {MP+9} (You acquired it on level 6 of the Lair of Beasts)
 15825 | Lair:6   | Reached skill level 3 in Staves
 15975 | Lair:6   | Reached skill level 13 in Spellcasting
 16431 | Lair:6   | Reached XP level 13. HP: 50/64 MP: 19/31
 16643 | Lair:6   | Reached skill level 4 in Staves
 16839 | Lair:6   | Found a large runed door.
 16839 | Lair:6   | Found a large runed door.
 17025 | Lair:6   | Noticed a fire dragon
 17600 | Lair:6   | Killed a fire dragon
 17600 | Lair:6   | Reached skill level 6 in Fighting
 18176 | D:11     | Reached skill level 5 in Staves
 19317 | D:12     | Reached skill level 6 in Staves
 19335 | D:12     | Reached skill level 14 in Spellcasting
 19339 | D:12     | Slain by a very large slime creature

Skill      XL: |  1  2  3  4  5  6  7  8  9 10 11 12 13 |
---------------+----------------------------------------+-----
Conjurations   | 1 2 3 |  3.0
Spellcasting   | 3 4 5 7 9 10 11 13 14 | 14.0
Air Magic      | 3 4 5 6 7 8 9 10 | 10.1
Stealth        | 4 5 6 7 9 11 12 | 12.0
Hexes          | 2 4 7 8 10 11 | 11.0
Short Blades   | 3 5 |  5.0
Fighting       | 3 5 6 |  6.6
Translocations | 3 |  3.4
Staves         | 3 6 |  6.0
Dodging        | |  3.0

Action                   |  1- 3 |  4- 6 |  7- 9 | 10-12 | 13-15 || total
-------------------------+-------+-------+-------+-------+-------++-------
Melee: Dagger            |       |     7 |   216 |   324 |   204 ||   751
       Unarmed           |       |     4 |       |       |       ||     4
 Cast: Shock             |    85 |   147 |   122 |    18 |       ||   372
       Confuse           |       |       |    14 |    47 |    28 ||    89
       Ensorcelled Hiber |       |       |    20 |   138 |    32 ||   190
       Mephitic Cloud    |       |       |       |     3 |       ||     3
       Blink             |       |       |       |     1 |       ||     1
       Dazzling Spray    |       |       |       |    12 |       ||    12
Invok: Call Merchant     |       |       |       |       |     1 ||     1
  Use: Scroll            |       |     9 |     3 |    20 |       ||    32
       Potion            |       |       |       |     1 |       ||     1
 Stab: Sleeping          |       |       |    25 |   111 |    32 ||   168
       Confused          |       |       |    10 |    32 |    27 ||    69
       Distracted        |       |       |     4 |     1 |     2 ||     7
  Eat: Royal jelly       |       |       |     2 |       |       ||     2
       Fruit             |       |       |     5 |     5 |       ||    10
       Pizza             |       |       |       |       |     1 ||     1
Armor: Robe              |     2 |       |     7 |    22 |    21 ||    52
Dodge: Dodged            |    19 |    27 |   131 |   119 |    68 ||   364
